 Dungeon Crawl Stone Soup version 0.22-a0-433-gd2a9cce (webtiles) character file.

37 Mgcat the Chopper (level 3, -1/46 HPs)
             Began as a Hill Orc Berserker on May 28, 2018.
             Was a Follower of Trog.
             Slain by a gnoll
             ... wielding a +0 club
              (5 damage)
             ... on level 3 of the Dungeon.
             The game lasted 00:01:23 (277 turns).

Mgcat the Chopper (Hill Orc Berserker)               Turns: 277, Time: 00:01:23

Health: -1/46      AC:  5    Str: 25    XL:     3   Next: 39%
Magic:  3/3        EV: 11    Int:  7    God:    Trog [*.....]
Gold:   25         SH:  0    Dex: 10    Spells: 2/2 levels left

rFire    + . .     SeeInvis +   a - +0 hand axe
rCold    . . .     Gourm    .   (no shield)
rNeg     . . .     Faith    .   k - +0 ring mail {rF+}
rPois    .         Spirit   .   (no helmet)
rElec    .         Reflect  .   (no cloak)
rCorr    .         Harm     .   (no gloves)
MR       .....                  (no boots)
Stlth    ..........             (no amulet)
HPRegen  0.15/turn              g - ring of see invisible {sInv, !d}
MPRegen  0.08/turn              (no ring)

@: berserking, very quick
A: no striking features
a: Berserk, Renounce Religion


You were on level 3 of the Dungeon.
You worshipped Trog.
Trog was aware of your devotion.
You were not hungry.

You visited 1 branch of the dungeon, and saw 3 of its levels.

You collected 25 gold pieces.

Inventory:

Hand Weapons
 a - a +0 hand axe (weapon)
Armour
 k - a +0 ring mail of fire resistance (worn)
   (You found it on level 2 of the Dungeon)
Jewellery
 g - a ring of see invisible (left hand) {sInv, !d}
   (You found it on level 2 of the Dungeon)
Scrolls
 b - 3 scrolls of remove curse {unknown}
 f - a scroll of teleportation {unknown}
Potions
 e - a potion of invisibility {unknown}
 i - a potion of magic {unknown}
 j - a potion of agility {unknown}
Comestibles
 c - 2 rations
 h - 5 chunks of flesh {@w0}


   Skills:
 - Level 3.6 Fighting
 + Level 5.8 Axes
 - Level 2.1 Armour
 - Level 1.5 Dodging


You had 2 spell levels left.
You didn't know any spells.
Your spell library was empty.

Dungeon Overview and Level Annotations

Branches:
Dungeon (3/15)

Altars:


Message History

You see here a club.
i - a fizzy black potion A goblin comes into view.
The goblin shouts!
Unknown command.
You hit the goblin.
You kill the goblin!
Trog accepts your kill.
No target in view!
No target in view!
You butcher the goblin corpse.
h - 4 chunks of flesh {@w0} (gained 1)
You see here a goblin skeleton. x2
A bat comes into view.
The bat closely misses you. The bat hits you but does no damage.
The bat barely misses you.
You closely miss the bat.
You feel yourself speed up. The bat hits you. The bat hits you.
You miss the bat. The bat closely misses you.
The bat hits you but does no damage.
You slash the bat!
You kill the bat!
Trog accepts your kill.
No target in view!
No target in view!
You butcher the bat corpse.
h - 5 chunks of flesh {@w0} (gained 1)
You recover from your berserk rage.
Found a glowing ring mail.
j - a lumpy dark potion HP restored.
You see here a glowing ring mail.
k - a glowing ring mail Wear which item? (? for menu, Esc to quit)
You start removing your armour.
You continue taking off your +0 ring mail. x4
You finish taking off your +0 ring mail.
You start putting on your armour.
You continue putting on your glowing ring mail. x5
You finish putting on your +0 ring mail of fire resistance.
You feel resistant to fire.
Drop what? 11/52 slots (_ for help) (? for menu, Esc to quit)
You drop a +0 animal skin.
You drop a +0 ring mail.
c - 2 rations (gained 1)
Found a stone staircase leading down.
There is a stone staircase leading down here.
You climb downwards.
There is a stone staircase leading up here.
An orc comes into view. It is wielding a whip.
The orc shouts!
You hear a shout!
You hear an angry hiss.
You see here 3 scrolls labeled XUQULU DOEPU.
b - 3 scrolls labeled XUQULU DOEPU You hear a shout!
A gnoll comes into view. It is wielding a club.
The gnoll shouts!
You hear a splashing noise.
The gnoll moves out of view.
A gnoll comes into view. It is wielding a spear.
The orc hits you but does no damage.
You hear a shout!
You barely miss the orc. The orc hits you with a whip.
You hit the orc but do no damage.
A gnoll comes into view. It is wielding a club.
The orc hits you with a whip.
A red film seems to cover your vision as you go berserk!
You feel yourself moving faster!
You feel mighty!
You feel a lot more hungry.
A gnoll comes into view. It is wielding a spear.
The gnoll hits you from afar with a spear!
The orc hits you with a whip.
You hit the orc.
The orc is lightly wounded.
The gnoll hits you from afar with a spear.
You hit the orc.
The orc is severely wounded.
The orc closely misses you. The gnoll hits you with a spear!
* * * LOW HITPOINT WARNING * * *
The orc barely misses you.
You hit the gnoll.
The gnoll is moderately wounded.
You slash the orc!
You kill the orc!
Trog accepts your kill.
You slash the gnoll!
You kill the gnoll!
Trog accepts your kill.
You have reached level 3!
Your experience leads to an increase in your attributes!
Your base attributes are Str 19, Int 7, Dex 10.
Increase (S)trength, (I)ntelligence, or (D)exterity?
You feel stronger. The gnoll hits you with a spear.
* * * LOW HITPOINT WARNING * * *
You slice the gnoll!!
You kill the gnoll!
Trog accepts your kill.
You slash the gnoll! The gnoll hits you with a club.
You die...
P≈P..# #P≈♣PP ♣≈≈..# #≈P≈PPP# ≈≈...# #P.≈PPP

PP..# #P≈≈≈P# ..g.#
###PP≈≈ #.%.###.....# #
#)).......#.######
#####.#@#####.#.........
......g....##.#.#.###<#.
####.##...........# #.#.
# ####.####.### #.#.
........# #.#.
##.....### ..#. ##.##.#
###. #?##.# . #.# .


You could see 2 gnolls.

Vanquished Creatures
  2 gnolls (D:3)
  An adder (D:2)
  An orc (D:3)
  2 bats (D:2)
  A giant cockroach (D:2)
  A goblin (D:2)
  A hobgoblin (D:2)
9 creatures vanquished.

Notes
Turn   | Place    | Note
-------+----------+-------------------------------------------
     0 | D:1      | Mgcat the Hill Orc Berserker began the quest for the Orb.
     0 | D:1      | Reached XP level 1. HP: 19/19 MP: 1/1
   137 | D:2      | Reached skill level 5 in Axes
   137 | D:2      | Reached XP level 2. HP: 26/26 MP: 2/2
   275 | D:3      | HP: 7/39 [gnoll/spear (9)]
   276 | D:3      | Reached XP level 3. HP: 8/31 MP: 3/3
   277 | D:3      | Slain by a gnoll

Vault maps used:
D:1:      eino_arrival_water_cross
D:2:      first_ration, nrook_mini_backslash, doesnt_xom_only_xom, uniq_robin,
          uniq_crazy_yiuf_cottage
D:3:      serial_bayou_lagoon_a

Skill      XL: |  1 |
---------------+----+-----
Axes           | 5 |  5.8
Fighting       | |  3.6
Armour         | |  2.1
Dodging        | |  1.5

Action                   || total
-------------------------++-------
Melee: Hand axe          ||    20
Invok: Berserk           ||     2
Armor: Ring mail         ||     8
Dodge: Dodged            ||    10

Table legend:
 A = Spawn XP
 B = Non-spawn XP
 C = Spawn XP percentage of total XP
 D = Spawn monster count
 E = Non-spawn monster count
 F = Spawn count percentage of total count
 G = Total turns spent on level
                    A         B        C        D         E        F      G
               +---------+---------+-------+---------+---------+-------+---------
         Total |       0 |      53 |   0.0 |       0 |       9 |   0.0 |   277
               +---------+---------+-------+---------+---------+-------+---------
           D:2 |       0 |      22 |   0.0 |       0 |       6 |   0.0 |   228
           D:3 |       0 |      31 |   0.0 |       0 |       3 |   0.0 |    25
               +---------+---------+-------+---------+---------+-------+---------

Vault maps used:
D:1:      eino_arrival_water_cross
D:2:      first_ration, nrook_mini_backslash, doesnt_xom_only_xom, uniq_robin,
          uniq_crazy_yiuf_cottage
D:3:      serial_bayou_lagoon_a

Table legend:
 A = Turns spent in this place as a percentage of turns spent in the entire game.
 B = Non-inter-level travel turns spent in this place as a percentage of non-inter-level travel turns spent in the entire game.
 C = Inter-level travel turns spent in this place as a percentage of turns spent in this place.
 D = Turns resting spent in this place as a percentage of non-inter-level travel turns spent in this place.
 E = Turns spent auto-exploring this place as a percentage of non-inter-level travel turns spent in this place.
 F = Non-inter-level travel turns spent in this place divided by the number of levels of this place that you've seen.
                   A       B       C       D       E      F
               +-------+-------+-------+-------+-------+----------------------
         Total | 100.0 | 100.0 |   2.5 |   0.0 |  64.1 |  90.0
       Dungeon | 100.0 | 100.0 |   2.5 |   0.0 |  64.1 |  90.0
               +-------+-------+-------+-------+-------+----------------------

Table legend:
 A = Kills in this place as a percentage of kills in entire the game.
 B = Kills by you in this place as a percentage of kills by you in the entire game.
 C = Kills by friends in this place as a percentage of kills by friends in the entire game.
 D = Other kills in this place as a percentage of other kills in the entire game.
 E = Experience gained in this place as a percentage of experience gained in the entire game.
 F = Experience gained in this place divided by the number of levels of this place that you have seen.
                   A       B       C       D       E      F
               +-------+-------+-------+-------+-------+----------------------
         Total | 100.0 | 100.0 |   N/A |   N/A | 100.0 |  17.7
       Dungeon | 100.0 | 100.0 |   N/A |   N/A | 100.0 |  17.7
               +-------+-------+-------+-------+-------+----------------------
